 Dungeon Crawl Stone Soup version 0.14-a0-836-g5210f43 (webtiles) character file.

403 PolkaDot the Vexing (level 6, 0/41 HPs)
             Began as a Vampire Enchanter on Nov 12, 2013.
             Was an Initiate of Makhleb.
             Slain by an orc priest
             ... wielding a +0,+1 orcish mace of distortion
              (21 damage)
             ... on Level 3 of the Dungeon.
             The game lasted 00:14:20 (2596 turns).

PolkaDot the Vexing (Vampire Enchanter)             Turns: 2596, Time: 00:14:20

HP   0/41        AC  4     Str 12      XL: 6   Next: 15%
MP   2/10        EV 13     Int 17      God: Makhleb [......]
Gold 98          SH  0     Dex 16      Spells:  2 memorised,  3 levels left

Res.Fire  : . . .   See Invis. : +   a - +1 dagger
Res.Cold  : . . .   Warding    : .   b - +1 robe
Life Prot.: + . .   Conserve   : .   (no shield)
Res.Poison: .       Res.Corr.  : .   (no helmet)
Res.Elec. : .       Clarity    : .   (no cloak)
Sust.Abil.: . .     Spirit.Shd : .   p - +0 pair of gauntlets
Res.Mut.  : +       Stasis     : .   (no boots)
Res.Rott. : .       Flight     : .   m - amulet of resist mutation
Saprovore : . . .                    (no ring)
                                     (no ring)

@: about to teleport, mighty, slightly resistant to hostile enchantments,
stealthy
A: bottle blood, fangs 3, see invisible, unbreathing
a: Bat Form, Bottle Blood, Renounce Religion


You were on level 3 of the Dungeon.
You worshipped Makhleb.
Makhleb was noncommittal.
You were not thirsty.

You visited 1 branch of the dungeon, and saw 3 of its levels.

You collected 98 gold pieces.

Inventory:

Hand weapons
 a - a +1,+1 dagger (weapon)
Missiles
 d - 12 darts (quivered)
Armour
 b - a +1 robe (worn)
 p - a +0 pair of gauntlets (worn)
Magical devices
 l - a wand of random effects (0)
 r - a wand of magic darts (10)
Scrolls
 e - a scroll of enchant weapon I {unknown}
 f - 2 scrolls of noise {unknown}
 g - 7 scrolls of identify
 h - a scroll of enchant armour {unknown}
 n - a scroll of curse weapon {unknown}
 o - 3 scrolls of curse armour {unknown}
 q - a scroll of amnesia {unknown}
 s - a scroll of random uselessness {unknown}
 t - a scroll of blinking {unknown}
 u - a scroll of teleportation {unknown}
Jewellery
 m - an amulet of resist mutation (around neck)
Potions
 i - 3 potions of curing
 j - 2 potions of cure mutation
Books
 c - a book of Maledictions

   Spells                             Type                      Level
   *Corona                            Hexes                        1
   Sure Blade                         Hexes/Charms                 2
   Ensorcelled Hibernation            Hexes/Ice                    2
   *Confuse                           Hexes                        3
   Enslavement                        Hexes                        4
   Invisibility                       Hexes                        6


   Skills:
 + Level 5.3 Short Blades
 - Level 0.7 Throwing
 - Level 2.1 Dodging
 + Level 3.9 Stealth
 - Level 1.0 Spellcasting
 * Level 6.7 Hexes


You had 3 spell levels left.
You knew the following spells:

 Your Spells              Type           Power        Failure   Level  Hunger
A - Corona                Hex            ###....      1%          1    ##.....
C - Confuse               Hex            ###.....     4%          3    ####...


Dungeon Overview and Level Annotations

Branches:
Dungeon (3/16)

Altars:
Makhleb


Innate Abilities, Weirdness & Mutations

You can bottle blood from corpses.
You have razor-sharp teeth.*
You have supernaturally acute eyesight.
You can survive without breathing.*


Message History

You barely miss the orc priest.
The orc priest picks up an orcish mace of distortion.
The orc priest wields an orcish mace of distortion.
Its appearance distorts for a moment.
You hit the orc priest but do no damage.
The orc priest hits you with an orcish mace of distortion.
You blink.
The orc priest glows brightly for a moment.
The orc priest hits you with an orcish mace of distortion.
You feel strangely unstable.
You hit the orc priest.
The orc priest is moderately wounded.
The orc priest closely misses you.
Drink which item? (? for menu, Esc to quit)
You feel very mighty all of a sudden.
It was a potion of might.
The orc priest hits you with an orcish mace of distortion!
Space warps horribly around you!
Ouch! That really hurt!
You die...

..#....##...#...#................
..#............#....#####o#......
..#.....#................o.......
......#.#.....##..####...........
.......>............))).....#####
.......##.#....#######o###.####⌠#
#####..##.#....#...o.......##≈≈≈≈
..# #..##.##...#o#####.###.#⌠≈...
#.# #.....##...#@# #.....##≈.._
#.# #..#####..##.# #.#####⌠≈...
#.# #..# #..##.# ### ###≈≈§.
#.###.## #..##.# #≈####' <...#..
#..##.# #≈≈≈≈≈§ #.#)#.# #####.#
###.... #.#...# #.....#
######.... #.###.# #.#####
###......##. #.###.# #.#
#...(.......


You could see an orc priest.

Vanquished Creatures
  2 jellyfish (D:2)
  An orc priest (D:3)
  Crazy Yiuf (D:2)
  An orc wizard (D:3)
  Ijyb (D:3)
  4 gnolls (D:3)
  An adder (D:2)
  A worm (D:2)
  A giant gecko (D:2)
  An ooze (D:2)
  An orc (D:3)
  2 goblins (D:2)
  10 hobgoblins
  4 jackals (D:2)
  10 bats
  2 giant cockroaches
  4 giant newts
  9 kobolds
  6 rats
62 creatures vanquished.

Notes
Turn   | Place    | Note
--------------------------------------------------------------
     0 | D:1      | PolkaDot, the Vampire Enchanter, began the quest for the Orb.
     0 | D:1      | Reached XP level 1. HP: 13/13 MP: 4/4
   431 | D:1      | Reached XP level 2. HP: 16/19 MP: 5/5
   828 | D:2      | Reached skill level 5 in Hexes
   899 | D:2      | Reached XP level 3. HP: 11/24 MP: 6/6
  1082 | D:2      | Noticed a jellyfish
  1083 | D:2      | Noticed a jellyfish
  1093 | D:2      | Learned a level 3 spell: Confuse
  1106 | D:2      | Killed a jellyfish
  1106 | D:2      | Reached XP level 4. HP: 25/30 MP: 1/8
  1108 | D:2      | Killed a jellyfish
  1108 | D:2      | Reached skill level 6 in Hexes
  1199 | D:2      | Noticed Crazy Yiuf
  1214 | D:2      | Killed Crazy Yiuf
  1214 | D:2      | Reached XP level 5. HP: 16/35 MP: 0/9
  2024 | D:3      | HP: 1/35 [orc wizard/magic dart (8)]
  2025 | D:3      | Reached skill level 5 in Short Blades
  2356 | D:3      | Noticed Ijyb
  2372 | D:3      | Killed Ijyb
  2441 | D:3      | Reached XP level 6. HP: 32/41 MP: 1/10
  2477 | D:3      | Found a burning altar of Makhleb.
  2482 | D:3      | Became a worshipper of Makhleb the Destroyer
  2596 | D:3      | Slain by an orc priest

Action                   |  1- 3 |  4- 6 || total
-------------------------+-------+-------++-------
Melee: Dagger            |   142 |   173 ||   315
 Cast: Corona            |     1 |     1 ||     2
       Confuse           |     2 |    20 ||    22
Evoke: Wand              |       |    14 ||    14
  Use: Potion            |     2 |     7 ||     9
       Scroll            |       |     3 ||     3
 Stab: Sleeping          |     2 |     3 ||     5
       Confused          |     1 |     7 ||     8
